3AAA
JERSEY CITY TRITONS @ NASHVILLE HOT CHICKENS
06/06/2054
 
TOP OF THE 1ST
Jersey City Tritons batting - Pitching for Nashville Hot Chickens : RHP Steve Crabtree
Pitching: RHP Steve Crabtree
Batting: LHB Mark Trembath 0-0: Ball
1-0: Ball
2-0: Ground out 4-3 (Groundball, 4S, EV 75.6 MPH)
Batting: LHB Ed Ward 0-0: Ball
1-0: Fly out, F8 (Flyball, 78XD, EV 93.1 MPH)
Batting: RHB Skip Lee 0-0: Swinging Strike
0-1: Called Strike
0-2: Foul Ball, location: 2F
0-2: Ball
1-2: Foul Ball, location: 2F
1-2: Foul Ball, location: 2F
1-2: Foul Ball, location: 2F
1-2: Foul Ball, location: 2F
1-2: Foul Ball, location: 2F
1-2: Foul Ball, location: 2F
1-2: SINGLE (Flyball, 8RS, EV 97.5 MPH)
Batting: LHB Gökhan Özdemir 0-0: Ball
1-0: Ball
2-0: Called Strike
2-1: Called Strike
2-2: Ball
3-2: Foul Ball, location: 2F
3-2: SINGLE (Groundball, 34D, EV 95.0 MPH)
Skip Lee to second
Skip Lee to third
Batting: LHB Bill Jackson 0-0: Fielders Choice at 2nd, 5-4 (Groundball, 56, EV 90.6 MPH)
Top of the 1st over - 0 runs, 2 hits, 0 errors, 2 left on base; Jersey City 0 - Nashville 0
BOTTOM OF THE 1ST
Nashville Hot Chickens batting - Pitching for Jersey City Tritons : RHP Nathan Sims
Pitching: RHP Nathan Sims
Batting: RHB Ryan O'Callahan 0-0: Ground out 6-3 (Groundball, 6MD, EV 83.1 MPH)
Batting: RHB Dong-su Yun 0-0: Ball
1-0: Swinging Strike
1-1: Ball
2-1: Foul Ball, location: 2F
2-2: Foul Ball, location: 2F
2-2: SINGLE (Groundball, 56D, EV 97.5 MPH)
Batting: SHB Waylon Meade 0-0: Ball
1-0: Foul Ball, location: 2F
1-1: Swinging Strike
1-2: Ball
2-2: Strikes out swinging
Batting: LHB Tadasu Ogasahara 0-0: Foul Ball, location: 2F
0-1: Fly out, F8 (Flyball, 89M, EV 83.8 MPH)
Bottom of the 1st over - 0 runs, 1 hit, 0 errors, 1 left on base; Jersey City 0 - Nashville 0
TOP OF THE 2ND
Jersey City Tritons batting - Pitching for Nashville Hot Chickens : RHP Steve Crabtree
Batting: LHB José Rico 0-0: Ball
1-0: Ball
2-0: Ground out 4-3 (Groundball, 4, EV 80.0 MPH)
Batting: LHB Yong-jun Ko 0-0: Ball
1-0: Called Strike
1-1: Ball
2-1: Ball
3-1: Ground out 5-3 (Groundball, 5D, EV 103.8 MPH)
Batting: LHB Hung-chang Chang 0-0: Ground out 6-3 (Groundball, 6, EV 91.2 MPH)
Top of the 2nd over - 0 runs, 0 hits, 0 errors, 0 left on base; Jersey City 0 - Nashville 0
BOTTOM OF THE 2ND
Nashville Hot Chickens batting - Pitching for Jersey City Tritons : RHP Nathan Sims
Batting: LHB Jason Melton 0-0: Called Strike
0-1: Foul Ball, location: 2F
0-2: Ball
1-2: Ground out 6-3 (Groundball, 56, EV 103.8 MPH)
Batting: RHB Arturo Medina 0-0: Ball
1-0: Foul Ball, location: 2F
1-1: Ball
2-1: Foul Ball, location: 2F
2-2: Strikes out swinging
Batting: SHB Michael Wright 0-0: Ball
1-0: Ball
2-0: SINGLE (Flyball, 78S, EV 94.4 MPH)
Batting: SHB Leonard Allen 0-0: Ball
1-0: Called Strike
1-1: Ball
2-1: Fly out, F9 (Line Drive, 9, EV 93.8 MPH)
Bottom of the 2nd over - 0 runs, 1 hit, 0 errors, 1 left on base; Jersey City 0 - Nashville 0
TOP OF THE 3RD
Jersey City Tritons batting - Pitching for Nashville Hot Chickens : RHP Steve Crabtree
Batting: RHB Merrill Whitaker 0-0: Ball
1-0: Swinging Strike
1-1: Fly out, F8 (Line Drive, 8LM, EV 103.1 MPH)
Batting: LHB Mark Trembath 0-0: Called Strike
0-1: Ball
1-1: Called Strike
1-2: Ball
2-2: Ball
3-2: Strikes out swinging
Batting: LHB Ed Ward 0-0: Ball
1-0: Ball
2-0: SINGLE (Groundball, 4MD, EV 98.1 MPH)
Batting: RHB Skip Lee 0-0: Foul Ball, location: 2F
0-1: Ball
1-1: Ball
2-1: Ground out 6-3 (Groundball, 6M, EV 87.5 MPH)
Top of the 3rd over - 0 runs, 1 hit, 0 errors, 1 left on base; Jersey City 0 - Nashville 0
BOTTOM OF THE 3RD
Nashville Hot Chickens batting - Pitching for Jersey City Tritons : RHP Nathan Sims
Batting: RHB Stephen Clifton 0-0: Ball
1-0: Called Strike
1-1: Swinging Strike
1-2: Ball
2-2: Ball
3-2: Foul Ball, location: 2F
3-2: DOUBLE (Line Drive, 89D, EV 106.9 MPH)
Batting: RHB Ryan O'Callahan 0-0: Called Strike
0-1: Foul Ball, location: 2F
0-2: Ball
1-2: Ball
2-2: Ball
3-2: Fly out, F4 (Popup, 34S, EV 82.5 MPH)
Batting: RHB Dong-su Yun 0-0: Fly out, F8 (Line Drive, 8RM, EV 88.1 MPH)
Batting: SHB Waylon Meade 0-0: Ball
1-0: Ball
2-0: Foul Ball, location: 2F
2-1: Ball
3-1: Fly out, F9 (Flyball, 9, EV 86.9 MPH)
Bottom of the 3rd over - 0 runs, 1 hit, 0 errors, 1 left on base; Jersey City 0 - Nashville 0
TOP OF THE 4TH
Jersey City Tritons batting - Pitching for Nashville Hot Chickens : RHP Steve Crabtree
Batting: LHB Gökhan Özdemir 0-0: Called Strike
0-1: Ball
1-1: Swinging Strike
1-2: Ball
2-2: SINGLE (Groundball, 4MD, EV 97.5 MPH)
Batting: LHB Bill Jackson 0-0: Called Strike
0-1: Ball
1-1: Ball
2-1: Foul Ball, location: 2F
2-2: Ball
3-2: SINGLE (Groundball, 4MD, EV 109.4 MPH)
Gökhan Özdemir to second
Batting: LHB José Rico 0-0: Ball
1-0: Ball
2-0: Called Strike
2-1: Ball
3-1: Base on Balls
Gökhan Özdemir to third
Bill Jackson to second
Batting: LHB Yong-jun Ko 0-0: Called Strike
0-1: Fly out, F7 (Flyball, 78S, EV 76.2 MPH)
Batting: LHB Hung-chang Chang 0-0: Ball
1-0: Ball
2-0: Called Strike
2-1: Foul Ball, location: 2F
2-2: SINGLE (Line Drive, 78S, EV 96.2 MPH)
Gökhan Özdemir scores
Bill Jackson to third
José Rico to second
Batting: RHB Merrill Whitaker 0-0: Called Strike
0-1: SINGLE (Groundball, 6MD, EV 105.6 MPH)
Bill Jackson scores
José Rico to third
Hung-chang Chang to second
Runner from 3rd tries for Home, SAFE, throw by CF to home
Batting: LHB Mark Trembath 0-0: Ball
1-0: Called Strike
1-1: Foul Ball, location: 2F
1-2: Ball
2-2: Ball
3-2: Reached on error, E4 (Groundball, 34, EV 105.6 MPH)
Hung-chang Chang to third
Merrill Whitaker to second
Batting: LHB Ed Ward 0-0: Fly out, F7 (Flyball, 7, EV 87.5 MPH)
Runner from 3rd tags up, SCORES, throw by LF
Merrill Whitaker to third
Batting: RHB Skip Lee 0-0: Ball
1-0: Ball
2-0: Called Strike
2-1: Swinging Strike
2-2: Foul Ball, location: 2F
2-2: Strikes out looking
Top of the 4th over - 4 runs, 4 hits, 1 error, 2 left on base; Jersey City 4 - Nashville 0
BOTTOM OF THE 4TH
Nashville Hot Chickens batting - Pitching for Jersey City Tritons : RHP Nathan Sims
Batting: LHB Tadasu Ogasahara 0-0: Swinging Strike
0-1: Called Strike
0-2: Foul Ball, location: 2F
0-2: Foul Ball, location: 2F
0-2: Foul Ball, location: 2F
0-2: Ground out 5-3 (Groundball, 56, EV 107.5 MPH)
Batting: LHB Jason Melton 0-0: Ball
1-0: Ball
2-0: Ball
3-0: Called Strike
3-1: Fly out, F7 (Flyball, 78S, EV 78.1 MPH)
Batting: RHB Arturo Medina 0-0: Ball
1-0: Foul Ball, location: 2F
1-1: DOUBLE (Flyball, 89D, EV 99.4 MPH)
Batting: SHB Michael Wright 0-0: Ground out 4-3 (Groundball, 4, EV 86.9 MPH)
Bottom of the 4th over - 0 runs, 1 hit, 0 errors, 1 left on base; Jersey City 4 - Nashville 0
TOP OF THE 5TH
Jersey City Tritons batting - Pitching for Nashville Hot Chickens : RHP Steve Crabtree
Batting: LHB Gökhan Özdemir 0-0: Fly out, F7 (Line Drive, 78D, EV 98.8 MPH)
Batting: LHB Bill Jackson 0-0: Ball
1-0: DOUBLE (Groundball, 5L, EV 105.0 MPH)
Batting: LHB José Rico 0-0: Swinging Strike
0-1: Called Strike
0-2: Strikes out swinging
Batting: LHB Yong-jun Ko 0-0: Ball
1-0: Ball
2-0: Foul Ball, location: 2F
2-1: Called Strike
2-2: Fly out, F7 (Flyball, 7D, EV 90.0 MPH)
Top of the 5th over - 0 runs, 1 hit, 0 errors, 1 left on base; Jersey City 4 - Nashville 0
BOTTOM OF THE 5TH
Nashville Hot Chickens batting - Pitching for Jersey City Tritons : RHP Nathan Sims
Batting: SHB Leonard Allen 0-0: Ball
1-0: Foul Ball, location: 2F
1-1: Ball
2-1: SOLO HOME RUN (Flyball, 9D, EV 99.4 MPH), Distance : 373 ft
Batting: RHB Stephen Clifton 0-0: Called Strike
0-1: Ball
1-1: Ball
2-1: Called Strike
2-2: Strikes out swinging
Batting: RHB Ryan O'Callahan 0-0: Ball
1-0: Called Strike
1-1: Foul Ball, location: 2F
1-2: Ball
2-2: Strikes out swinging
Batting: RHB Dong-su Yun 0-0: Ball
1-0: Ball
2-0: Called Strike
2-1: Fly out, F6 (Popup, P, EV 75.0 MPH)
Bottom of the 5th over - 1 run, 1 hit, 0 errors, 0 left on base; Jersey City 4 - Nashville 1
TOP OF THE 6TH
Jersey City Tritons batting - Pitching for Nashville Hot Chickens : RHP Steve Crabtree
Batting: LHB Hung-chang Chang 0-0: Ground out 6-3 (Groundball, 6M, EV 76.9 MPH)
Batting: RHB Merrill Whitaker 0-0: Ball
1-0: Fly out, F5 (Line Drive, 5, EV 64.4 MPH)
Batting: LHB Mark Trembath 0-0: Ball
1-0: Ball
2-0: Called Strike
2-1: Ball
3-1: Fly out, F7 (Flyball, 7LD, EV 89.4 MPH)
Top of the 6th over - 0 runs, 0 hits, 0 errors, 0 left on base; Jersey City 4 - Nashville 1
BOTTOM OF THE 6TH
Nashville Hot Chickens batting - Pitching for Jersey City Tritons : RHP Nathan Sims
Batting: SHB Waylon Meade 0-0: Called Strike
0-1: Swinging Strike
0-2: Ball
1-2: Foul Ball, location: 2F
1-2: Foul Ball, location: 2F
1-2: Strikes out looking
Batting: LHB Tadasu Ogasahara 0-0: Called Strike
0-1: Ball
1-1: Called Strike
1-2: Ground out 6-3 (Groundball, 6D, EV 101.2 MPH)
Batting: LHB Jason Melton 0-0: Called Strike
0-1: Foul Ball, location: 2F
0-2: Ball
1-2: Fly out, F5 (Popup, 6S, EV 67.5 MPH)
Bottom of the 6th over - 0 runs, 0 hits, 0 errors, 0 left on base; Jersey City 4 - Nashville 1
TOP OF THE 7TH
Jersey City Tritons batting - Pitching for Nashville Hot Chickens : RHP Steve Crabtree
Batting: LHB Ed Ward 0-0: Called Strike
0-1: Called Strike
0-2: Ball
1-2: Ball
2-2: Foul Ball, location: 2F
2-2: Ground out 4-3 (Groundball, 4, EV 97.5 MPH)
Pitching: LHP Fred Hardy
Batting: RHB Skip Lee 0-0: Ball
1-0: Foul Ball, location: 2F
1-1: Fly out, F4 (Line Drive, 4M, EV 68.1 MPH)
Batting: LHB Gökhan Özdemir 0-0: Foul Ball, location: 2F
0-1: Ball
1-1: Ball
2-1: Swinging Strike
2-2: Foul Ball, location: 2F
2-2: Ball
3-2: Fly out, F8 (Line Drive, 8LM, EV 89.4 MPH)
Top of the 7th over - 0 runs, 0 hits, 0 errors, 0 left on base; Jersey City 4 - Nashville 1
BOTTOM OF THE 7TH
Nashville Hot Chickens batting - Pitching for Jersey City Tritons : RHP Nathan Sims
Pitching: LHP Jonathan Young
Now at 1B: Rubén Cervantes
Now in LF: Víctor Salazar
Batting: RHB Arturo Medina 0-0: Fly out, F9 (Flyball, 9LS, EV 77.5 MPH)
Batting: SHB Michael Wright 0-0: Ball
1-0: Ball
2-0: Swinging Strike
2-1: Foul Ball, location: 2F
2-2: Strikes out swinging
Batting: SHB Leonard Allen 0-0: Called Strike
0-1: Hit by Pitch
Batting: RHB Stephen Clifton 0-0: Called Strike
0-1: Ball
1-1: Swinging Strike
1-2: Ball
2-2: Ball
3-2: Base on Balls
Leonard Allen to second
Batting: RHB Ryan O'Callahan 0-0: Called Strike
0-1: Ball
1-1: Ground out 3-1 (Groundball, 34S, EV 86.9 MPH)
Bottom of the 7th over - 0 runs, 0 hits, 0 errors, 2 left on base; Jersey City 4 - Nashville 1
TOP OF THE 8TH
Jersey City Tritons batting - Pitching for Nashville Hot Chickens : LHP Fred Hardy
Batting: SHB Sergio Resendiz 0-0: Reached via error on a dropped throw from 1B, E1 (Groundball, 13, EV 86.2 MPH)
Batting: LHB José Rico 0-0: Foul Ball, location: 2F
0-1: Ball
1-1: Sac Bunt to 5S - play at first, batter OUT! 5-3
Sergio Resendiz to second
Batting: LHB Yong-jun Ko 0-0: Ball
1-0: Called Strike
1-1: Foul Ball, location: 2F
1-2: Strikes out swinging
Batting: LHB Hung-chang Chang 0-0: Ball
1-0: Ball
2-0: Called Strike
2-1: Foul Ball, location: 2F
2-2: Strikes out swinging
Top of the 8th over - 0 runs, 0 hits, 1 error, 1 left on base; Jersey City 4 - Nashville 1
BOTTOM OF THE 8TH
Nashville Hot Chickens batting - Pitching for Jersey City Tritons : LHP Jonathan Young
Batting: RHB Dong-su Yun 0-0: Foul Ball, location: 2F
0-1: Called Strike
0-2: Ground out 6-3 (Groundball, 6, EV 101.9 MPH)
Batting: SHB Waylon Meade 0-0: Called Strike
0-1: Foul Ball, location: 2F
0-2: Foul Ball, location: 2F
0-2: Ground out 6-3 (Groundball, 6, EV 75.6 MPH)
Pinch Hitting: RHB Derek Tyerman 0-0: Ground out 6-3 (Groundball, 6, EV 83.8 MPH)
Bottom of the 8th over - 0 runs, 0 hits, 0 errors, 0 left on base; Jersey City 4 - Nashville 1
TOP OF THE 9TH
Jersey City Tritons batting - Pitching for Nashville Hot Chickens : LHP Fred Hardy
Now in LF: Derek Tyerman
Batting: RHB Merrill Whitaker 0-0: Ball
1-0: Fly out, F7 (Flyball, 78S, EV 90.6 MPH)
Batting: LHB Mark Trembath 0-0: Ball
1-0: Ball
2-0: Ball
3-0: Called Strike
3-1: Foul Ball, location: 2F
3-2: Foul Ball, location: 2F
3-2: Fly out, F8 (Flyball, 8LM, EV 90.0 MPH)
Batting: LHB Víctor Salazar 0-0: Ball
1-0: Swinging Strike
1-1: SINGLE (Flyball, 8LS, EV 90.6 MPH)
Batting: RHB Skip Lee 0-0: Ball
Passed Ball!
Víctor Salazar to second
1-0: Ball
2-0: Ball
3-0: Base on Balls
Batting: SHB Rubén Cervantes 0-0: Ground out 6-3 (Groundball, 6MD, EV 100.6 MPH)
Top of the 9th over - 0 runs, 1 hit, 0 errors, 2 left on base; Jersey City 4 - Nashville 1
BOTTOM OF THE 9TH
Nashville Hot Chickens batting - Pitching for Jersey City Tritons : LHP Jonathan Young
Pitching: RHP Nathan May
Batting: LHB Jason Melton 0-0: Ball
1-0: Called Strike
1-1: Foul Ball, location: 2F
1-2: Strikes out looking
Batting: RHB Arturo Medina 0-0: Called Strike
0-1: Ball
1-1: Ball
2-1: Swinging Strike
2-2: Strikes out swinging
Batting: SHB Michael Wright 0-0: Ball
1-0: Called Strike
1-1: SINGLE (Groundball, 4S, EV 68.8 MPH) (infield hit)
Batting: SHB Leonard Allen 0-0: Called Strike
0-1: Ball
1-1: Called Strike
1-2: Ball
2-2: Strikes out looking
Bottom of the 9th over - 0 runs, 1 hit, 0 errors, 1 left on base; Jersey City 4 - Nashville 1
Monday, April 1st , 2024 - OOTP Baseball 23.10 Build 110